 Dungeon Crawl Stone Soup version 0.29.1-15-g9cfb28693d (webtiles) character file.

Game seed: 16584705898191451412

50 Ayazi56 the Ducker (level 3, -13/17 HPs)
             Began as a Felid Monk on Apr 12, 2023.
             Was a Priest of Fedhas.
             Mangled by Terence
             ... wielding a +1 falchion of distortion
              (21 damage)
             ... on level 2 of the Dungeon.
             The game lasted 00:04:38 (751 turns).

Ayazi56 the Ducker (Felid Monk)                      Turns: 751, Time: 00:04:38

Health: -13/17     AC:  1    Str:  7    XL:     3   Next: 55%
Magic:  4/4        EV: 20    Int: 11    God:    Fedhas [***...]
Gold:   72         SH:  0    Dex: 20    Spells: 2/2 levels left
                                        Lives:  0   Deaths: 0

rFire   . . .      SeeInvis +     - Unarmed
rCold   . . .      Faith    .   (shield unavailable)
rNeg    . . .      Spirit   .   (body armour unavailable)
rPois   .          Reflect  .   (helmet unavailable)
rElec   .          Harm     .   (cloak unavailable)
rCorr   .          Rampage  .   (gloves unavailable)
Will    .....                   (boots unavailable)
Stlth   +++.......              (no amulet)
HPRegen 0.05/turn               (no ring)
MPRegen 0.09/turn               (no ring)

@: quick
A: very small, claws 1, fangs 3, see invisible, speed 1, shaggy fur 1, stealthy
paws, no weapons or thrown items, no armour, multi-lived
a: Renounce Religion, Wall of Briars, Grow Ballistomycete


You were on level 2 of the Dungeon.
You worshipped Fedhas.
Fedhas was most pleased with you.
You visited 1 branch of the dungeon, and saw 2 of its levels.

You collected 72 gold pieces.

Inventory:

Scrolls
 c - a scroll of teleportation {unknown}
 g - a scroll of noise {unknown}
Potions
 a - a potion of ambrosia
 b - a potion of attraction {unknown}
 d - 2 potions of curing {unknown}
 e - a potion of heal wounds {unknown}
 f - 2 potions of haste {unknown}
 h - a potion of degeneration {unknown}


   Skills:
 + Level 3.4 Fighting
 + Level 4.6 Dodging
 + Level 3.0 Stealth
 + Level 3.7 Unarmed Combat


You had 2 spell levels left.
You didn't know any spells.
Your spell library was empty.

Dungeon Overview and Level Annotations

Branches:
Dungeon (2/15)

Altars:
Fedhas

Annotations:
D:2 Terence


Innate Abilities, Weirdness & Mutations

You have sharp claws.
You have razor-sharp teeth.
You have supernaturally acute eyesight. (SInv)
You cover ground quickly. (Speed+)
You are covered in fur. (AC +1)
Your paws help you pounce on unaware monsters.
You are incapable of wielding weapons or throwing items.
You cannot wear armour.
You gain extra lives every three experience levels.


Message History

The adder bites you. The adder bites you but does no damage.
You miss the adder. Your bite misses the adder.
The adder is lightly wounded.
The adder completely misses you.
You claw the adder!
The adder is almost dead.
The adder completely misses you.
You scratch the adder.
You kill the adder!
Fedhas appreciates your contribution to the ecosystem.
You see here an adder corpse.
You see here an adder corpse.
You see here a frilled lizard corpse.
Found 4 stones.
Found a ring mail.
A rat comes into view.
You claw the rat!
You kill the rat!
Fedhas appreciates your contribution to the ecosystem.
You see here a worm corpse.
There is an escape hatch in the ceiling here.
Found a sling.
You see here a +0 sling.
You see here a +0 sling.
An adder comes into view.
Found a stone staircase leading up.
Terence the Incautious comes into view.
He is wielding a +1 falchion of distortion.
You pounce on the unaware helpless adder!
You mangle the adder!!
You kill the adder!
Fedhas appreciates your contribution to the ecosystem.
Your Stealth skill increases to level 3!
Found 6 gold pieces.
You see here an adder corpse.
Terence hits you with a +1 falchion of distortion!
Ouch! That really hurt!
Space warps horribly around you!!
Ouch! That really hurt!
You die...
Fedhas appreciates your contribution to the ecosystem.

###..... .......
....# .....# ....#
.....# # ....# .....#
.# ######....
.)...###.# #.......#
.........# #.......#
......#######...@...#
<..........##...@...#
...#######..†.......#
#..# ####......$#
...### #.......#
.....# #..<....#
.....# #.......#
.....# #########
.....#
.....###############


You could see Terence.

Vanquished Creatures
  3 adders (D:2)
  A worm (D:2)
  A dart slug (D:1)
  A ball python (D:2)
  2 endoplasms (D:1)
  A giant cockroach (D:1)
  A goblin (D:2)
  3 hobgoblins
  A bat (D:2)
  A frilled lizard (D:2)
  2 kobolds (D:2)
  3 rats
20 creatures vanquished.

Vanquished Creatures (others)
  2 fungi (D:1)
2 creatures vanquished.

Grand Total: 22 creatures vanquished

Notes
Turn   | Place    | Note
-------+----------+-------------------------------------------
     0 | D:1      | Ayazi56 the Felid Monk began the quest for the Orb.
     0 | D:1      | Reached XP level 1. HP: 10/10 MP: 2/2
   204 | D:1      | Found a faded altar of an unknown god.
   235 | D:1      | Prayed at the altar of an unknown god.
   235 | D:1      | Became a worshipper of Fedhas Madash
   235 | D:1      | Reached * piety under Fedhas
   235 | D:1      | Reached ** piety under Fedhas
   451 | D:1      | Reached XP level 2. HP: 14/14 MP: 3/3
   503 | D:2      | Reached *** piety under Fedhas
   566 | D:2      | Reached XP level 3. HP: 13/17 MP: 4/4
   744 | D:2      | Noticed Terence
   751 | D:2      | Mangled by Terence

Illustrated notes

Levels and vault maps discovered:
D:1:      dpeg_arrival_rhombus, layout_loops_ring,
          shapermc_ecumenical_altar_ellora, minmay_misc_feat_roman,
          minmay_worlds_worst_comb
D:2:      layout_rooms, uniq_terence

Skill      XL: |  1  2  3 |
---------------+----------+-----
Stealth        | 3 |  3.0
Fighting       | |  3.4
Dodging        | |  4.6
Unarmed Combat | |  3.7

Action                   || total
-------------------------++-------
Melee: Unarmed           ||    59
       Bite              ||     7
       Punch             ||     3
 Stab: Sleeping          ||     3
Armor: Skin              ||     3
Dodge: Dodged            ||    33
